 Dungeon Crawl Stone Soup version 0.26.1-11-gd32895ea62 (webtiles) character file.

Game seed: 10140795686483730897

44 Zeld the Grasshopper (level 3, 0/24 HPs)
             Began as an Octopode Warper on May 18, 2021.
             Slain by a giant cockroach (1 damage)
             ... on level 2 of the Dungeon.
             The game lasted 00:02:53 (1434 turns).

Zeld the Grasshopper (Octopode Warper)              Turns: 1434, Time: 00:02:53

Health: 0/24       AC:  1    Str: 11    XL:     3   Next: 60%
Magic:  5/7        EV: 13    Int: 15    God:
Gold:   74         SH:  0    Dex: 11    Spells: 2/7 levels left

rFire    . . .     SeeInvis .   a - +0 mace
rCold    . . .     Faith    .   (no shield)
rNeg     . . .     Spirit   .   (helmet restricted)
rPois    .         Reflect  .   (no amulet)
rElec    .         Harm     .   (no ring)
rCorr    .         Rampage  .   (no ring)
Will     .....                  (no ring)
Stlth    ++........             (no ring)
HPRegen  0.08/turn              (no ring)
MPRegen  0.10/turn              (no ring)
                                (no ring)
                                (no ring)

@: very slightly contaminated
A: almost no armour, stealthy swim, amphibious, 8 rings, constrict 8, camouflage
1, gelatinous body 1
a: no special abilities


You were on level 2 of the Dungeon.
You visited 1 branch of the dungeon, and saw 2 of its levels.

You collected 74 gold pieces.

Inventory:

Hand Weapons
 a - a +0 mace (weapon)
Jewellery
 h - a +4 ring of slaying {unknown}
 j - an uncursed ring of wizardry {unknown}
Scrolls
 b - 4 scrolls of fog {unknown}
 c - a scroll of blinking
 d - 5 scrolls of identify {unknown}
 g - 2 scrolls of enchant weapon {unknown}
 i - a scroll of amnesia {unknown}
Potions
 e - 2 potions of flight {unknown}
 f - a potion of heal wounds {unknown}


   Skills:
 - Level 2.0 Fighting
 * Level 3.0 Maces & Flails
 - Level 1.0 Throwing
 - Level 2.3 Dodging
 * Level 2.9 Spellcasting
 - Level 3.0 Translocations


You had 2 spell levels left.
You knew the following spells:

 Your Spells              Type           Power        Failure   Level
a - Blink                 Tloc           N/A          9%          2
b - Gell's Gravitas       Tloc           5%           19%         3

Your spell library contained the following spells:

 Spells                   Type           Power        Failure   Level
 Lesser Beckoning         Tloc           5%           19%         3
 Teleport Other           Tloc           11%          19%         3
 Passage of Golubria      Tloc           N/A          52%         4


Dungeon Overview and Level Annotations

Branches:
Dungeon (2/15)

Altars:


Innate Abilities, Weirdness & Mutations

You cannot wear most types of armour.
You are very stealthy in the water. (Stealth+)
You are amphibious.
You can wear up to eight rings at the same time.
You can use your tentacles to constrict eight enemies at once.
Your skin changes colour to match your surroundings (Stealth+).
Your rubbery body absorbs attacks. (AC +1, EV +1)


Message History

The giant cockroach bites you.
* * * LOW HITPOINT WARNING * * *
You feel sick.
You are no longer poisoned.
A hobgoblin comes into view. It is wielding a +0 club.
The hobgoblin shouts!
The giant cockroach bites you.
* * * LOW HITPOINT WARNING * * *
A jackal comes into view.
The hobgoblin hits you with a +0 club.
* * * LOW HITPOINT WARNING * * *
The giant cockroach bites you.
* * * LOW HITPOINT WARNING * * *
The giant cockroach waves its antennae.
The giant cockroach waves its antennae.
Cast which spell? (? or * to list)
You miscast Blink.
You are very lightly contaminated with residual magic.
Nothing appears to happen.
The giant cockroach bites you.
You die...

##.##....# ##.#
##..####. #..
##### #..###.###
##. #.#.#.##
#..##.#.......
.... #g#.######
h.... #.#.#
.....#. #S#.#
##...## #B#.# #...
#@#.##
...####....##
.........<..######
##.#####.[........
#.######.########
.........#
########.# #.# #.#


You could see an adder, a giant cockroach and a hobgoblin.

Vanquished Creatures
  An adder (D:2)
  An ooze (D:1)
  A leopard gecko (D:1)
  3 bats (D:1)
  4 goblins
  4 hobgoblins
  5 kobolds (D:1)
  A ball python (D:1)
  A frilled lizard (D:2)
  10 rats
31 creatures vanquished.

Notes
Turn   | Place    | Note
-------+----------+-------------------------------------------
     0 | D:1      | Zeld the Octopode Warper began the quest for the Orb.
     0 | D:1      | Reached XP level 1. HP: 14/14 MP: 3/3
   611 | D:1      | Reached XP level 2. HP: 17/19 MP: 5/5
   614 | D:1      | Learned a level 2 spell: Blink
  1084 | D:1      | Reached XP level 3. HP: 24/24 MP: 6/6
  1088 | D:1      | Learned a level 3 spell: Gell's Gravitas
  1426 | D:2      | HP: 1/24 [hobgoblin/+0 club (3)]
  1434 | D:2      | Slain by a giant cockroach

Illustrated notes

Levels and vault maps discovered:
D:1:      lightli_arrival_maybe_door_vault, layout_rooms
D:2:      layout_loops_ring, nicolae_overflow_hidden_temple,
          minmay_randomly_rotated_circles, uniq_robin, uniq_jessica

Skill      XL: |  1  2  3 |
---------------+----------+-----
Maces & Flails | 3 |  3.0
Fighting       | |  2.0
Throwing       | |  1.0
Dodging        | |  2.3
Spellcasting   | |  2.9
Translocations | |  3.0

Action                   || total
-------------------------++-------
Melee: Mace              ||    62
       Constrict         ||    15
       Tentacles         ||     6
Throw: Boomerang         ||     5
 Stab: Sleeping          ||     1
Armor: Skin              ||     5
Dodge: Dodged            ||    50
